[ PARTIDA AOE2 · #475655850 ]
UnrankedIncas vs Bulgarians
[ ANÁLISIS DE REPETICIÓN · EXTRAÍDO DE LA PARTIDA GRABADA ]
Feudal
8:22
Castillos
30:00
Imperial
49:49
| APM promedio | 10.5 |
| APM pico | 25 |
| eAPM promedio | 8.9 |
| Aldeanos / militares | 58 / 112 |
Foco
⚔️ 49.3% · 🌾 50.7%
Unknown (2550) ×44 · Spearman ×42 · Kamayuk ×39 · Petard ×14 · Archer ×12 · Trade Cart ×10
Feudal
8:53
Castillos
13:26
Imperial
32:02
| APM promedio | 36.7 |
| APM pico | 107 |
| eAPM promedio | 15.4 |
| Aldeanos / militares | 147 / 93 |
Foco
⚔️ 31.0% · 🌾 69.0%
Spearman ×50 · Konnik ×18 · Trebuchet (Packed) ×15 · Petard ×10
Feudal
8:23
Castillos
15:45
Imperial
42:47
| APM promedio | 12.5 |
| APM pico | 34 |
| eAPM promedio | 10.5 |
| Aldeanos / militares | 66 / 153 |
Foco
⚔️ 48.0% · 🌾 52.0%
Samurai ×54 · Spearman ×40 · Archer ×20 · Militia ×17 · Skirmisher ×13 · Trade Cart ×11
Feudal
8:29
Castillos
18:41
Imperial
43:03
| APM promedio | 15.2 |
| APM pico | 59 |
| eAPM promedio | 13.0 |
| Aldeanos / militares | 233 / 556 |
Foco
⚔️ 46.9% · 🌾 53.1%
Spearman ×344 · Knight ×141 · Obuch ×41 · Skirmisher ×29 · Monk ×1
Feudal
6:21
Castillos
13:44
Imperial
32:52
| APM promedio | 29.7 |
| APM pico | 69 |
| eAPM promedio | 18.5 |
| Aldeanos / militares | 122 / 135 |
Foco
⚔️ 32.2% · 🌾 67.8%
Leitis ×77 · Knight ×40 · Bombard Cannon ×7 · Monk ×5 · Trebuchet (Packed) ×4 · Scorpion ×1
Feudal
7:22
Castillos
12:42
Imperial
30:59
| APM promedio | 17.1 |
| APM pico | 42 |
| eAPM promedio | 14.1 |
| Aldeanos / militares | 135 / 209 |
Foco
⚔️ 30.7% · 🌾 69.3%
Spearman ×147 · Skirmisher ×35 · Boyar ×26 · Monk ×1
Feudal
9:13
Castillos
14:41
Imperial
30:25
| APM promedio | 17.9 |
| APM pico | 45 |
| eAPM promedio | 13.1 |
| Aldeanos / militares | 109 / 213 |
Foco
⚔️ 31.2% · 🌾 68.8%
War Elephant ×123 · Archer ×84 · Trebuchet (Packed) ×4 · Monk ×2
Feudal
8:26
Castillos
18:15
Imperial
31:23
| APM promedio | 16.3 |
| APM pico | 36 |
| eAPM promedio | 11.4 |
| Aldeanos / militares | 135 / 194 |
Foco
⚔️ 33.5% · 🌾 66.5%
Spearman ×142 · Serjeant ×52
Mapa de la partida
Recursos iniciales + cada clic de construcción. Líneas = muros · curvas = relieve. ◆ oro · ⬟ piedra · ● bayas · ✦ reliquia · ◌ hueco del cierre
Tu base· ✓ Cerrada en 30:00 · 0t muro · 7 puerta(s)
Base de DrOhne (Tai)· ✓ Cerrada en 13:26 · 0t muro · 6 puerta(s)
Base de sam.pidgeon· ✓ Cerrada en 15:45 · 0t muro · 6 puerta(s)
Base de Balduin· ✓ Cerrada en 18:41 · 0t muro · 8 puerta(s)
Base de Tyrion_· ✓ Cerrada en 13:44 · 0t muro · 8 puerta(s)
Base de Fastfoxy· ✓ Cerrada en 12:42 · 0t muro · 5 puerta(s)
Base de MrChronos· ✓ Cerrada en 14:41 · 0t muro · 8 puerta(s)
Base de Grogon· ✓ Cerrada en 18:15 · 0t muro · 5 puerta(s)
Terreno inicial suavizado · ◌ = hueco del cierre detectado · pasá el cursor para detalles
Inputs por minuto
— Goudjou - - DrOhne (Tai)
Build order — Goudjou
Primeras 150 de 306 acciones detectadas
| 1:30 | Encolar | Villager (Male) |
| 1:30 | Encolar | Villager (Male) |
| 1:30 | Encolar | Villager (Male) |
| 1:31 | Encolar | Villager (Male) |
| 2:08 | Construir | Settlement |
| 5:26 | Construir | Settlement |
| 5:47 | Investigar | Loom |
| 5:49 | Investigar | Feudal Age |
| 5:51 | Encolar | Villager (Male) |
| 5:51 | Encolar | Villager (Male) |
| 5:51 | Encolar | Villager (Male) |
| 7:31 | Encolar | Unit 2550 |
| 7:32 | Encolar | Unit 2550 |
| 7:32 | Encolar | Unit 2550 |
| 8:22 | Edad | Edad Feudal |
| 8:54 | Investigar | Tech 1402 |
| 8:58 | Investigar | Arson |
| 9:07 | Construir | Blacksmith |
| 9:14 | Investigar | Town Watch |
| 9:35 | Construir | Farm |
| 9:42 | Encolar | Villager (Male) |
| 9:43 | Encolar | Villager (Male) |
| 10:33 | Investigar | Horse Collar |
| 11:20 | Encolar | Unit 2550 |
| 11:20 | Encolar | Unit 2550 |
| 11:20 | Encolar | Unit 2550 |
| 11:48 | Encolar | Villager (Male) |
| 12:22 | Construir | Farm |
| 12:28 | Encolar | Villager (Male) |
| 13:22 | Construir | Farm |
| 13:38 | Investigar | Scale Mail Armor |
| 13:40 | Investigar | Fletching |
| 13:46 | Encolar | Villager (Male) |
| 14:28 | Encolar | Villager (Male) |
| 14:28 | Encolar | Villager (Male) |
| 14:37 | Encolar | Villager (Male) |
| 14:41 | Construir | Farm |
| 14:53 | Construir | Farm |
| 14:57 | Construir | Farm |
| 15:20 | Encolar | Villager (Male) |
| 15:22 | Encolar | Villager (Male) |
| 16:04 | Encolar | Villager (Male) |
| 17:03 | Encolar | Villager (Male) |
| 17:04 | Encolar | Villager (Male) |
| 17:07 | Encolar | Villager (Male) |
| 18:55 | Construir | Barracks |
| 18:57 | Construir | Barracks |
| 19:18 | Investigar | Forging |
| 19:35 | Construir | Archery Range |
| 19:46 | Investigar | Wheelbarrow |
| 19:47 | Encolar | Villager (Male) |
| 19:47 | Encolar | Villager (Male) |
| 19:47 | Encolar | Villager (Male) |
| 19:48 | Encolar | Villager (Male) |
| 19:58 | Encolar | Unit 2550 |
| 19:58 | Encolar | Unit 2550 |
| 19:58 | Encolar | Unit 2550 |
| 19:59 | Encolar | Spearman |
| 19:59 | Encolar | Spearman |
| 20:00 | Encolar | Spearman |
| 20:00 | Encolar | Spearman |
| 20:37 | Investigar | Gold Mining |
| 20:38 | Investigar | Double-Bit Axe |
| 22:12 | Encolar | Unit 2550 |
| 22:12 | Encolar | Unit 2550 |
| 22:12 | Encolar | Unit 2550 |
| 22:13 | Encolar | Spearman |
| 22:13 | Encolar | Spearman |
| 22:13 | Encolar | Spearman |
| 22:19 | Encolar | Archer |
| 22:19 | Encolar | Archer |
| 22:19 | Encolar | Archer |
| 22:20 | Encolar | Archer |
| 22:20 | Encolar | Archer |
| 22:20 | Encolar | Archer |
| 22:21 | Encolar | Archer |
| 22:22 | Encolar | Archer |
| 22:28 | Investigar | Padded Archer Armor |
| 22:44 | Encolar | Villager (Male) |
| 22:44 | Encolar | Villager (Male) |
| 22:44 | Encolar | Villager (Male) |
| 22:45 | Encolar | Villager (Male) |
| 22:57 | Construir | Farm |
| 23:02 | Construir | Farm |
| 23:04 | Construir | Farm |
| 23:05 | Construir | Farm |
| 23:07 | Construir | Farm |
| 23:08 | Construir | Farm |
| 23:10 | Construir | Farm |
| 23:20 | Encolar | Villager (Male) |
| 23:20 | Encolar | Villager (Male) |
| 24:09 | Encolar | Unit 2550 |
| 24:10 | Encolar | Unit 2550 |
| 24:10 | Encolar | Unit 2550 |
| 24:10 | Encolar | Unit 2550 |
| 24:11 | Encolar | Spearman |
| 24:11 | Encolar | Spearman |
| 24:12 | Encolar | Spearman |
| 24:12 | Encolar | Spearman |
| 24:12 | Encolar | Spearman |
| 24:13 | Encolar | Spearman |
| 24:13 | Encolar | Unit 2550 |
| 24:24 | Encolar | Villager (Male) |
| 24:24 | Encolar | Villager (Male) |
| 24:24 | Encolar | Villager (Male) |
| 24:42 | Construir | Farm |
| 24:44 | Construir | Farm |
| 24:47 | Construir | Farm |
| 24:51 | Construir | Farm |
| 25:09 | Construir | Settlement |
| 25:21 | Construir | Farm |
| 27:20 | Investigar | Castle Age |
| 28:49 | Construir | Archery Range |
| 28:54 | Encolar | Spearman |
| 28:55 | Encolar | Spearman |
| 28:55 | Encolar | Spearman |
| 28:55 | Encolar | Spearman |
| 28:55 | Encolar | Spearman |
| 28:56 | Encolar | Spearman |
| 28:56 | Encolar | Spearman |
| 28:57 | Encolar | Unit 2550 |
| 28:57 | Encolar | Unit 2550 |
| 28:57 | Encolar | Unit 2550 |
| 28:58 | Encolar | Unit 2550 |
| 28:58 | Encolar | Spearman |
| 28:59 | Encolar | Spearman |
| 28:59 | Encolar | Spearman |
| 29:00 | Encolar | Spearman |
| 29:00 | Encolar | Spearman |
| 29:01 | Encolar | Unit 2550 |
| 29:01 | Encolar | Unit 2550 |
| 29:02 | Encolar | Unit 2550 |
| 29:02 | Encolar | Unit 2550 |
| 29:19 | Construir | Market |
| 30:00 | Edad | Edad de los Castillos |
| 30:14 | Investigar | Andean Sling |
| 30:26 | Encolar | Kamayuk |
| 30:27 | Encolar | Kamayuk |
| 30:27 | Encolar | Kamayuk |
| 30:27 | Encolar | Kamayuk |
| 30:28 | Encolar | Kamayuk |
| 30:28 | Encolar | Kamayuk |
| 30:38 | Construir | Farm |
| 30:47 | Encolar | Villager (Male) |
| 30:48 | Encolar | Villager (Male) |
| 30:49 | Encolar | Villager (Male) |
| 30:49 | Encolar | Villager (Male) |
| 30:49 | Encolar | Villager (Male) |
| 30:50 | Encolar | Villager (Male) |
| 31:04 | Construir | Settlement |
Build order — DrOhne (Tai)
Primeras 150 de 372 acciones detectadas
| 0:00 | Encolar | Villager (Male) |
| 0:01 | Encolar | Villager (Male) |
| 0:01 | Encolar | Villager (Male) |
| 0:16 | Construir | Mill |
| 0:24 | Encolar | Villager (Male) |
| 1:02 | Construir | Lumber Camp |
| 1:06 | Encolar | Villager (Male) |
| 1:17 | Encolar | Villager (Male) |
| 1:33 | Encolar | Villager (Male) |
| 1:53 | Encolar | Villager (Male) |
| 1:54 | Encolar | Villager (Male) |
| 2:58 | Encolar | Villager (Male) |
| 2:58 | Encolar | Villager (Male) |
| 2:58 | Encolar | Villager (Male) |
| 2:58 | Encolar | Villager (Male) |
| 3:18 | Encolar | Villager (Male) |
| 3:36 | Encolar | Villager (Male) |
| 4:16 | Encolar | Villager (Male) |
| 5:15 | Encolar | Villager (Male) |
| 5:26 | Encolar | Villager (Male) |
| 5:31 | Construir | Mining Camp |
| 5:50 | Encolar | Villager (Male) |
| 6:43 | Investigar | Feudal Age |
| 7:40 | Encolar | Villager (Male) |
| 7:42 | Encolar | Villager (Male) |
| 8:05 | Construir | Farm |
| 8:05 | Construir | Farm |
| 8:05 | Construir | Farm |
| 8:53 | Edad | Edad Feudal |
| 9:46 | Construir | Market |
| 9:56 | Encolar | Villager (Male) |
| 9:56 | Encolar | Villager (Male) |
| 10:18 | Construir | Blacksmith |
| 10:37 | Investigar | Castle Age |
| 10:45 | Construir | Mining Camp |
| 11:18 | Investigar | Loom |
| 11:18 | Encolar | Villager (Male) |
| 11:18 | Encolar | Villager (Male) |
| 11:54 | Investigar | Double-Bit Axe |
| 11:57 | Investigar | Horse Collar |
| 12:00 | Investigar | Stone Mining |
| 12:18 | Construir | Farm |
| 13:26 | Edad | Edad de los Castillos |
| 13:30 | Investigar | Gold Mining |
| 14:18 | Construir | Krepost |
| 14:24 | Construir | Mining Camp |
| 14:27 | Investigar | Fletching |
| 14:28 | Encolar | Villager (Male) |
| 14:32 | Investigar | Bow Saw |
| 14:40 | Construir | Farm |
| 14:41 | Construir | Farm |
| 15:22 | Construir | Palisade Wall |
| 15:59 | Encolar | Villager (Male) |
| 16:00 | Encolar | Villager (Male) |
| 16:11 | Encolar | Villager (Male) |
| 16:12 | Encolar | Villager (Male) |
| 16:21 | Encolar | Villager (Male) |
| 16:32 | Construir | Town Center |
| 17:06 | Construir | Krepost |
| 17:18 | Investigar | Town Watch |
| 17:21 | Construir | Stone Wall |
| 17:24 | Construir | Stone Wall |
| 17:27 | Construir | Stone Wall |
| 17:43 | Encolar | Villager (Male) |
| 17:44 | Encolar | Villager (Male) |
| 17:44 | Encolar | Villager (Male) |
| 17:53 | Encolar | Villager (Male) |
| 17:53 | Encolar | Villager (Male) |
| 18:02 | Construir | Farm |
| 18:02 | Construir | Farm |
| 18:02 | Construir | Farm |
| 18:16 | Encolar | Villager (Male) |
| 18:27 | Construir | Farm |
| 19:09 | Encolar | Villager (Male) |
| 19:09 | Encolar | Villager (Male) |
| 19:18 | Construir | Farm |
| 19:19 | Construir | Farm |
| 19:41 | Construir | University |
| 20:23 | Encolar | Petard |
| 20:23 | Encolar | Petard |
| 20:23 | Encolar | Petard |
| 20:24 | Encolar | Petard |
| 20:29 | Encolar | Villager (Male) |
| 20:29 | Encolar | Villager (Male) |
| 20:47 | Encolar | Petard |
| 21:10 | Investigar | Murder Holes |
| 21:14 | Construir | Farm |
| 21:14 | Construir | Farm |
| 21:15 | Construir | Farm |
| 21:15 | Construir | Farm |
| 21:15 | Construir | Farm |
| 21:59 | Encolar | Villager (Male) |
| 21:59 | Encolar | Villager (Male) |
| 21:59 | Encolar | Villager (Male) |
| 22:00 | Encolar | Villager (Male) |
| 23:12 | Construir | Town Center |
| 23:17 | Encolar | Konnik |
| 23:17 | Encolar | Konnik |
| 23:24 | Encolar | Villager (Male) |
| 23:24 | Encolar | Villager (Male) |
| 23:30 | Encolar | Konnik |
| 23:30 | Encolar | Konnik |
| 23:30 | Encolar | Konnik |
| 24:00 | Investigar | Bodkin Arrow |
| 24:20 | Encolar | Villager (Male) |
| 24:21 | Encolar | Villager (Male) |
| 24:25 | Encolar | Villager (Male) |
| 24:26 | Encolar | Villager (Male) |
| 24:26 | Encolar | Villager (Male) |
| 24:42 | Encolar | Petard |
| 24:43 | Encolar | Petard |
| 24:43 | Encolar | Petard |
| 24:43 | Encolar | Petard |
| 25:04 | Encolar | Petard |
| 25:11 | Encolar | Villager (Male) |
| 25:12 | Encolar | Villager (Male) |
| 25:12 | Encolar | Villager (Male) |
| 25:18 | Construir | Farm |
| 25:18 | Construir | Farm |
| 25:19 | Construir | Farm |
| 25:23 | Construir | Farm |
| 25:24 | Construir | Farm |
| 25:24 | Construir | Farm |
| 25:24 | Construir | Farm |
| 25:24 | Construir | Farm |
| 25:24 | Construir | Farm |
| 25:34 | Investigar | Heavy Plow |
| 27:17 | Encolar | Villager (Male) |
| 27:17 | Encolar | Villager (Male) |
| 27:30 | Encolar | Villager (Male) |
| 27:31 | Encolar | Villager (Male) |
| 27:31 | Encolar | Villager (Male) |
| 28:06 | Encolar | Villager (Male) |
| 28:07 | Encolar | Villager (Male) |
| 28:07 | Encolar | Villager (Male) |
| 28:07 | Encolar | Villager (Male) |
| 28:34 | Construir | Castle |
| 28:46 | Encolar | Villager (Male) |
| 28:46 | Encolar | Villager (Male) |
| 28:51 | Investigar | Imperial Age |
| 28:57 | Construir | Farm |
| 28:58 | Construir | Farm |
| 28:58 | Construir | Farm |
| 28:58 | Construir | Farm |
| 29:14 | Construir | Town Center |
| 29:29 | Construir | Stone Wall |
| 29:36 | Construir | Stone Wall |
| 29:43 | Encolar | Villager (Male) |
| 29:43 | Encolar | Villager (Male) |
| 29:44 | Encolar | Villager (Male) |
Build order — sam.pidgeon
Primeras 150 de 352 acciones detectadas
| 0:20 | Construir | Lumber Camp |
| 0:24 | Encolar | Villager (Male) |
| 0:24 | Encolar | Villager (Male) |
| 0:24 | Encolar | Villager (Male) |
| 0:25 | Encolar | Villager (Male) |
| 1:16 | Encolar | Villager (Male) |
| 2:48 | Construir | Mill |
| 2:53 | Encolar | Villager (Male) |
| 2:53 | Encolar | Villager (Male) |
| 2:54 | Encolar | Villager (Male) |
| 2:54 | Encolar | Villager (Male) |
| 2:54 | Encolar | Villager (Male) |
| 4:04 | Encolar | Villager (Male) |
| 5:06 | Encolar | Villager (Male) |
| 5:14 | Investigar | Loom |
| 6:08 | Investigar | Feudal Age |
| 6:35 | Construir | Mining Camp |
| 6:48 | Encolar | Villager (Male) |
| 6:49 | Encolar | Villager (Male) |
| 6:49 | Encolar | Villager (Male) |
| 6:52 | Encolar | Villager (Male) |
| 7:02 | Construir | House |
| 7:04 | Construir | House |
| 7:11 | Encolar | Villager (Male) |
| 8:23 | Edad | Edad Feudal |
| 8:31 | Investigar | Double-Bit Axe |
| 8:34 | Investigar | Horse Collar |
| 8:56 | Investigar | Gold Mining |
| 9:01 | Encolar | Villager (Male) |
| 9:02 | Encolar | Villager (Male) |
| 9:03 | Encolar | Villager (Male) |
| 9:45 | Construir | Market |
| 10:08 | Construir | Farm |
| 10:12 | Construir | Farm |
| 10:15 | Encolar | Villager (Male) |
| 10:39 | Construir | Blacksmith |
| 11:59 | Encolar | Villager (Male) |
| 12:02 | Encolar | Villager (Male) |
| 12:18 | Construir | Mining Camp |
| 13:05 | Investigar | Castle Age |
| 13:25 | Investigar | Stone Mining |
| 14:38 | Investigar | Scale Mail Armor |
| 14:41 | Investigar | Forging |
| 15:07 | Construir | Barracks |
| 15:10 | Construir | Barracks |
| 15:16 | Investigar | Man-at-Arms (upgrade) |
| 15:17 | Investigar | Arson |
| 15:20 | Encolar | Villager (Male) |
| 15:45 | Edad | Edad de los Castillos |
| 16:26 | Construir | Farm |
| 16:27 | Construir | Farm |
| 16:29 | Construir | Farm |
| 16:31 | Construir | Farm |
| 16:33 | Construir | Farm |
| 16:36 | Encolar | Villager (Male) |
| 16:36 | Encolar | Villager (Male) |
| 16:44 | Construir | Town Center |
| 16:53 | Encolar | Samurai |
| 16:54 | Encolar | Samurai |
| 16:54 | Encolar | Samurai |
| 16:54 | Encolar | Samurai |
| 16:55 | Encolar | Samurai |
| 17:04 | Construir | Siege Workshop |
| 17:39 | Encolar | Samurai |
| 17:40 | Encolar | Samurai |
| 17:41 | Encolar | Samurai |
| 17:55 | Construir | Siege Workshop |
| 17:57 | Encolar | Battering Ram |
| 17:59 | Encolar | Battering Ram |
| 18:29 | Encolar | Villager (Male) |
| 18:32 | Encolar | Villager (Male) |
| 18:36 | Encolar | Samurai |
| 18:36 | Encolar | Samurai |
| 18:41 | Encolar | Battering Ram |
| 19:02 | Construir | Farm |
| 19:09 | Encolar | Spearman |
| 19:09 | Encolar | Spearman |
| 19:09 | Encolar | Spearman |
| 19:10 | Encolar | Spearman |
| 19:23 | Encolar | Spearman |
| 19:23 | Encolar | Spearman |
| 19:43 | Encolar | Battering Ram |
| 19:50 | Encolar | Villager (Male) |
| 19:55 | Encolar | Villager (Male) |
| 20:25 | Construir | House |
| 20:31 | Construir | Farm |
| 20:38 | Investigar | Pikeman (upgrade) |
| 20:51 | Encolar | Battering Ram |
| 20:53 | Encolar | Samurai |
| 20:54 | Encolar | Samurai |
| 20:59 | Construir | House |
| 21:05 | Encolar | Villager (Male) |
| 21:10 | Construir | Farm |
| 21:23 | Construir | Farm |
| 21:43 | Construir | Farm |
| 22:03 | Investigar | Squires |
| 22:20 | Encolar | Spearman |
| 22:20 | Encolar | Spearman |
| 22:21 | Encolar | Spearman |
| 22:23 | Encolar | Spearman |
| 22:44 | Construir | House |
| 22:53 | Construir | House |
| 23:00 | Investigar | Fletching |
| 23:18 | Encolar | Spearman |
| 23:19 | Encolar | Spearman |
| 23:19 | Encolar | Spearman |
| 23:26 | Encolar | Samurai |
| 23:27 | Encolar | Samurai |
| 23:27 | Encolar | Samurai |
| 23:37 | Construir | Lumber Camp |
| 23:57 | Construir | House |
| 24:08 | Encolar | Samurai |
| 24:09 | Encolar | Samurai |
| 24:25 | Investigar | Gambesons |
| 24:46 | Construir | University |
| 25:02 | Investigar | Town Watch |
| 25:07 | Encolar | Villager (Male) |
| 25:09 | Encolar | Villager (Male) |
| 25:47 | Construir | Farm |
| 25:50 | Encolar | Villager (Male) |
| 25:51 | Encolar | Villager (Male) |
| 25:58 | Construir | Farm |
| 26:01 | Investigar | Murder Holes |
| 26:10 | Construir | Town Center |
| 26:18 | Encolar | Villager (Male) |
| 27:31 | Investigar | Chain Mail Armor |
| 27:36 | Investigar | Long Swordsman (upgrade) |
| 27:39 | Investigar | Ballistics |
| 27:45 | Investigar | Wheelbarrow |
| 27:49 | Encolar | Villager (Male) |
| 28:26 | Construir | Farm |
| 28:28 | Encolar | Villager (Male) |
| 28:29 | Encolar | Villager (Male) |
| 28:53 | Investigar | Iron Casting |
| 29:44 | Construir | Farm |
| 29:45 | Construir | Farm |
| 29:48 | Encolar | Villager (Male) |
| 29:48 | Encolar | Villager (Male) |
| 29:51 | Encolar | Villager (Male) |
| 29:51 | Encolar | Villager (Male) |
| 31:22 | Investigar | Hand Cart |
| 31:25 | Encolar | Villager (Male) |
| 31:25 | Encolar | Villager (Male) |
| 31:26 | Encolar | Villager (Male) |
| 31:36 | Construir | Stable |
| 31:40 | Construir | Archery Range |
| 31:43 | Construir | Archery Range |
| 31:46 | Construir | Stable |
| 31:57 | Encolar | Villager (Male) |
| 31:57 | Encolar | Villager (Male) |
Build order — Balduin
Primeras 150 de 446 acciones detectadas
| 0:01 | Encolar | Villager (Male) ×4 |
| 0:20 | Construir | Lumber Camp |
| 1:30 | Construir | Mill |
| 1:37 | Investigar | Loom |
| 2:08 | Encolar | Villager (Male) |
| 2:21 | Encolar | Villager (Male) |
| 2:39 | Encolar | Villager (Male) |
| 2:46 | Encolar | Villager (Male) |
| 2:58 | Encolar | Villager (Male) |
| 3:18 | Encolar | Villager (Male) |
| 3:38 | Encolar | Villager (Male) |
| 3:38 | Encolar | Villager (Male) |
| 3:42 | Encolar | Villager (Male) |
| 3:50 | Encolar | Villager (Male) |
| 4:14 | Encolar | Villager (Male) |
| 4:35 | Construir | Farm |
| 4:35 | Construir | Farm |
| 4:36 | Construir | Farm |
| 4:43 | Construir | Farm |
| 5:54 | Encolar | Villager (Male) |
| 6:07 | Investigar | Feudal Age |
| 6:17 | Encolar | Villager (Male) |
| 6:27 | Encolar | Villager (Male) |
| 6:39 | Encolar | Villager (Male) |
| 6:43 | Encolar | Villager (Male) |
| 6:53 | Encolar | Villager (Male) |
| 8:29 | Edad | Edad Feudal |
| 8:29 | Investigar | Double-Bit Axe |
| 8:30 | Investigar | Horse Collar |
| 8:45 | Encolar | Villager (Male) |
| 8:45 | Encolar | Villager (Male) |
| 8:45 | Encolar | Villager (Male) |
| 8:45 | Encolar | Villager (Male) |
| 8:46 | Encolar | Villager (Male) |
| 8:46 | Encolar | Villager (Male) |
| 8:46 | Encolar | Villager (Male) |
| 9:02 | Construir | Lumber Camp |
| 9:09 | Encolar | Villager (Male) |
| 9:20 | Construir | Lumber Camp |
| 11:54 | Encolar | Villager (Male) ×5 |
| 12:24 | Construir | Farm |
| 12:25 | Construir | Farm |
| 12:28 | Construir | Farm |
| 12:29 | Construir | Farm |
| 12:32 | Construir | Farm |
| 12:33 | Construir | Farm |
| 12:35 | Construir | Farm |
| 12:45 | Construir | Mining Camp |
| 13:03 | Construir | Mining Camp |
| 13:55 | Construir | Blacksmith |
| 14:09 | Construir | Market |
| 14:16 | Construir | House |
| 14:18 | Construir | House |
| 14:19 | Construir | House |
| 14:30 | Construir | Farm |
| 15:36 | Encolar | Villager (Male) |
| 15:44 | Construir | House |
| 15:45 | Construir | House |
| 15:46 | Construir | House |
| 15:59 | Investigar | Castle Age |
| 16:14 | Encolar | Villager (Male) ×5 |
| 16:15 | Encolar | Villager (Male) ×5 |
| 16:15 | Encolar | Villager (Male) ×4 |
| 16:19 | Investigar | Gold Mining |
| 16:22 | Investigar | Stone Mining |
| 16:42 | Construir | Stable |
| 16:45 | Construir | Stable |
| 16:53 | Construir | Stable |
| 17:03 | Construir | Stable |
| 17:31 | Construir | Stable |
| 17:51 | Construir | Lumber Camp |
| 18:41 | Edad | Edad de los Castillos |
| 18:47 | Construir | Town Center |
| 19:13 | Construir | Town Center |
| 19:15 | Investigar | Bow Saw |
| 19:41 | Encolar | Villager (Male) ×5 |
| 19:41 | Encolar | Villager (Male) ×5 |
| 19:41 | Encolar | Villager (Male) ×5 |
| 19:42 | Encolar | Villager (Male) ×3 |
| 19:54 | Encolar | Villager (Male) ×5 |
| 19:54 | Encolar | Villager (Male) ×5 |
| 19:55 | Encolar | Villager (Male) ×5 |
| 20:01 | Construir | Lumber Camp |
| 20:21 | Investigar | Heavy Plow |
| 20:46 | Encolar | Villager (Male) ×3 |
| 20:54 | Encolar | Villager (Male) |
| 21:12 | Construir | University |
| 21:20 | Construir | Lumber Camp |
| 21:28 | Construir | Mining Camp |
| 21:31 | Investigar | Husbandry |
| 21:40 | Investigar | Bloodlines |
| 21:46 | Investigar | Wheelbarrow |
| 21:49 | Encolar | Villager (Male) ×5 |
| 21:56 | Investigar | Town Watch |
| 22:02 | Encolar | Villager (Male) ×5 |
| 22:03 | Encolar | Villager (Male) ×5 |
| 22:06 | Encolar | Villager (Male) ×2 |
| 22:07 | Encolar | Villager (Male) |
| 22:35 | Encolar | Villager (Male) ×2 |
| 22:38 | Encolar | Villager (Male) |
| 22:50 | Construir | House |
| 22:51 | Construir | House |
| 22:52 | Construir | House |
| 22:53 | Construir | House |
| 22:54 | Construir | House |
| 22:55 | Construir | House |
| 22:56 | Construir | House |
| 22:57 | Construir | House |
| 22:57 | Construir | House |
| 22:58 | Construir | House |
| 22:59 | Construir | House |
| 23:00 | Construir | House |
| 23:16 | Construir | Mining Camp |
| 23:20 | Encolar | Villager (Male) ×4 |
| 23:22 | Encolar | Villager (Male) |
| 23:33 | Construir | Farm |
| 23:35 | Construir | Farm |
| 23:36 | Construir | Farm |
| 23:37 | Construir | Farm |
| 23:38 | Construir | Farm |
| 23:39 | Construir | Farm |
| 23:41 | Construir | Farm |
| 23:42 | Construir | Farm |
| 23:43 | Construir | Mill |
| 23:57 | Encolar | Villager (Male) ×3 |
| 23:59 | Encolar | Villager (Male) |
| 24:08 | Construir | Town Center |
| 24:31 | Construir | Farm |
| 24:35 | Construir | Farm |
| 24:52 | Encolar | Villager (Male) ×5 |
| 24:53 | Encolar | Villager (Male) ×5 |
| 24:53 | Encolar | Villager (Male) ×3 |
| 24:53 | Encolar | Villager (Male) |
| 24:59 | Encolar | Villager (Male) ×2 |
| 25:11 | Construir | Farm |
| 25:12 | Construir | Farm |
| 25:13 | Construir | Farm |
| 25:14 | Construir | Farm |
| 25:15 | Construir | Farm |
| 25:16 | Construir | Farm |
| 25:17 | Construir | Farm |
| 25:19 | Construir | Farm |
| 25:21 | Construir | Mill |
| 25:37 | Construir | Lumber Camp |
| 25:51 | Investigar | Szlachta Privileges |
| 25:54 | Encolar | Villager (Male) ×2 |
| 25:55 | Encolar | Villager (Male) ×2 |
| 25:56 | Encolar | Villager (Male) |
| 26:06 | Construir | Farm |
| 26:07 | Construir | Farm |
Build order — Tyrion_
Primeras 150 de 440 acciones detectadas
| 0:00 | Encolar | Villager (Male) |
| 0:10 | Construir | Lumber Camp |
| 0:26 | Encolar | Villager (Male) |
| 0:34 | Construir | Mill |
| 0:41 | Encolar | Villager (Male) |
| 0:56 | Encolar | Villager (Male) |
| 1:24 | Encolar | Villager (Male) |
| 1:35 | Encolar | Villager (Male) |
| 2:07 | Investigar | Loom |
| 2:09 | Encolar | Villager (Male) |
| 2:27 | Encolar | Villager (Male) |
| 2:38 | Encolar | Villager (Male) |
| 2:44 | Encolar | Villager (Male) |
| 3:31 | Encolar | Villager (Male) |
| 3:40 | Encolar | Villager (Male) |
| 4:01 | Investigar | Feudal Age |
| 4:55 | Encolar | Villager (Male) |
| 4:57 | Encolar | Villager (Male) |
| 6:21 | Edad | Edad Feudal |
| 6:22 | Construir | Stable |
| 6:23 | Investigar | Horse Collar |
| 6:32 | Construir | Mining Camp |
| 6:37 | Investigar | Double-Bit Axe |
| 6:42 | Construir | Blacksmith |
| 6:52 | Encolar | Villager (Male) |
| 7:37 | Construir | Farm |
| 7:37 | Construir | Farm |
| 7:37 | Construir | Farm |
| 7:37 | Construir | Farm |
| 7:41 | Encolar | Villager (Male) |
| 7:43 | Encolar | Villager (Male) |
| 7:52 | Construir | Farm |
| 8:09 | Construir | Farm |
| 8:23 | Encolar | Villager (Male) |
| 8:46 | Construir | Farm |
| 8:54 | Construir | Farm |
| 8:55 | Encolar | Villager (Male) |
| 9:14 | Construir | Farm |
| 9:19 | Construir | Farm |
| 9:23 | Encolar | Villager (Male) |
| 9:42 | Construir | Farm |
| 9:49 | Encolar | Villager (Male) |
| 10:05 | Encolar | Villager (Male) |
| 10:07 | Construir | Farm |
| 10:36 | Encolar | Villager (Male) |
| 10:41 | Construir | Farm |
| 10:51 | Construir | Farm |
| 11:04 | Investigar | Castle Age |
| 11:22 | Construir | House |
| 12:08 | Investigar | Forging |
| 13:05 | Encolar | Villager (Male) |
| 13:06 | Encolar | Villager (Male) |
| 13:06 | Encolar | Villager (Male) |
| 13:22 | Construir | House |
| 13:44 | Edad | Edad de los Castillos |
| 13:45 | Encolar | Leitis |
| 13:45 | Encolar | Leitis |
| 13:46 | Encolar | Scout Cavalry |
| 13:48 | Encolar | Knight |
| 13:52 | Construir | Monastery |
| 13:57 | Encolar | Villager (Male) |
| 14:02 | Construir | Town Center |
| 14:15 | Encolar | Villager (Male) |
| 14:30 | Encolar | Monk |
| 14:31 | Encolar | Monk |
| 14:45 | Encolar | Knight |
| 15:33 | Encolar | Leitis |
| 15:33 | Encolar | Leitis |
| 15:37 | Encolar | Villager (Male) |
| 15:38 | Encolar | Villager (Male) |
| 15:39 | Construir | Farm |
| 15:39 | Construir | Farm |
| 15:40 | Construir | Farm |
| 15:41 | Encolar | Villager (Male) |
| 15:42 | Encolar | Villager (Male) |
| 15:43 | Encolar | Villager (Male) |
| 16:12 | Encolar | Monk |
| 16:14 | Construir | Farm |
| 16:15 | Construir | Farm |
| 16:34 | Encolar | Villager (Male) |
| 16:38 | Encolar | Villager (Male) |
| 16:41 | Encolar | Villager (Male) |
| 16:50 | Construir | Town Center |
| 17:26 | Encolar | Monk |
| 17:27 | Encolar | Villager (Male) |
| 17:27 | Encolar | Villager (Male) |
| 17:29 | Encolar | Villager (Male) |
| 17:30 | Encolar | Villager (Male) |
| 17:50 | Construir | Lumber Camp |
| 17:54 | Investigar | Bow Saw |
| 17:57 | Encolar | Villager (Male) |
| 18:32 | Encolar | Leitis |
| 18:32 | Encolar | Leitis |
| 18:34 | Encolar | Villager (Male) |
| 18:34 | Encolar | Villager (Male) |
| 18:36 | Construir | Farm |
| 18:36 | Construir | Farm |
| 18:36 | Construir | Farm |
| 18:36 | Construir | Farm |
| 18:47 | Encolar | Villager (Male) |
| 18:47 | Encolar | Villager (Male) |
| 18:49 | Encolar | Villager (Male) |
| 18:50 | Encolar | Villager (Male) |
| 18:55 | Encolar | Villager (Male) |
| 19:04 | Encolar | Monk |
| 19:16 | Construir | House |
| 19:26 | Investigar | Iron Casting |
| 19:31 | Encolar | Villager (Male) |
| 19:37 | Construir | House |
| 19:39 | Construir | House |
| 19:54 | Encolar | Villager (Male) |
| 19:59 | Encolar | Leitis |
| 20:22 | Encolar | Villager (Male) |
| 20:26 | Construir | Farm |
| 20:27 | Construir | Mill |
| 20:28 | Construir | Farm |
| 20:28 | Construir | Farm |
| 20:29 | Construir | Farm |
| 20:33 | Encolar | Villager (Male) |
| 20:33 | Encolar | Villager (Male) |
| 20:34 | Construir | Farm |
| 20:34 | Construir | Farm |
| 20:35 | Construir | Farm |
| 20:39 | Encolar | Villager (Male) |
| 20:39 | Encolar | Villager (Male) |
| 20:59 | Encolar | Villager (Male) |
| 21:01 | Encolar | Villager (Male) |
| 21:12 | Encolar | Villager (Male) |
| 21:23 | Construir | Castle |
| 21:26 | Encolar | Villager (Male) |
| 21:26 | Encolar | Villager (Male) |
| 21:33 | Encolar | Villager (Male) |
| 21:36 | Construir | Farm |
| 21:37 | Construir | Farm |
| 21:45 | Construir | House |
| 22:32 | Construir | Farm |
| 22:32 | Construir | Farm |
| 22:36 | Investigar | Bloodlines |
| 22:36 | Investigar | Husbandry |
| 22:38 | Investigar | Scale Barding Armor |
| 22:41 | Encolar | Leitis |
| 22:45 | Construir | Farm |
| 22:45 | Construir | Farm |
| 22:47 | Encolar | Villager (Male) |
| 23:13 | Construir | Stone Wall |
| 23:38 | Encolar | Leitis |
| 23:38 | Encolar | Leitis |
| 23:38 | Encolar | Leitis |
| 23:49 | Encolar | Leitis |
| 23:58 | Construir | Stone Wall |
Build order — Fastfoxy
Primeras 150 de 396 acciones detectadas
| 0:02 | Encolar | Villager (Male) |
| 0:02 | Encolar | Villager (Male) |
| 0:03 | Encolar | Villager (Male) |
| 0:10 | Construir | Mill |
| 1:26 | Encolar | Villager (Male) |
| 1:31 | Construir | Farm |
| 1:35 | Encolar | Villager (Male) |
| 1:36 | Encolar | Villager (Male) |
| 1:54 | Encolar | Villager (Male) |
| 1:55 | Encolar | Villager (Male) |
| 3:02 | Encolar | Villager (Male) |
| 3:02 | Encolar | Villager (Male) |
| 4:07 | Encolar | Villager (Male) |
| 4:07 | Encolar | Villager (Male) |
| 4:36 | Construir | Lumber Camp |
| 5:03 | Encolar | Villager (Male) |
| 5:03 | Encolar | Villager (Male) |
| 5:12 | Investigar | Feudal Age |
| 5:49 | Encolar | Villager (Male) |
| 6:54 | Encolar | Villager (Male) |
| 6:57 | Encolar | Villager (Male) |
| 7:14 | Encolar | Villager (Male) |
| 7:22 | Edad | Edad Feudal |
| 7:43 | Construir | Farm |
| 8:17 | Construir | Farm |
| 8:24 | Construir | Blacksmith |
| 8:37 | Construir | Market |
| 8:56 | Encolar | Villager (Male) |
| 9:02 | Construir | Farm |
| 9:10 | Construir | Mining Camp |
| 9:34 | Construir | Farm |
| 10:02 | Investigar | Castle Age |
| 10:13 | Encolar | Villager (Male) |
| 10:28 | Construir | Farm |
| 10:35 | Construir | Farm |
| 10:37 | Construir | Farm |
| 11:00 | Construir | Farm |
| 11:04 | Construir | Farm |
| 12:20 | Construir | Stable |
| 12:42 | Encolar | Villager (Male) |
| 12:42 | Edad | Edad de los Castillos |
| 13:08 | Construir | Town Center |
| 13:17 | Encolar | Villager (Male) |
| 13:31 | Encolar | Villager (Male) |
| 13:40 | Construir | Farm |
| 13:53 | Construir | Farm |
| 13:58 | Encolar | Villager (Male) |
| 14:10 | Investigar | Double-Bit Axe |
| 14:34 | Encolar | Villager (Male) |
| 14:35 | Encolar | Villager (Male) |
| 14:37 | Encolar | Villager (Male) |
| 14:37 | Encolar | Villager (Male) |
| 14:38 | Encolar | Villager (Male) |
| 14:39 | Encolar | Villager (Male) |
| 15:30 | Encolar | Villager (Male) |
| 15:31 | Encolar | Villager (Male) |
| 15:33 | Investigar | Loom |
| 15:33 | Investigar | Wheelbarrow |
| 15:34 | Investigar | Town Watch |
| 15:35 | Encolar | Villager (Male) |
| 15:35 | Encolar | Villager (Male) |
| 15:35 | Encolar | Villager (Male) |
| 15:46 | Investigar | Horse Collar |
| 15:49 | Investigar | Bow Saw |
| 15:54 | Investigar | Gold Mining |
| 15:55 | Investigar | Stone Mining |
| 16:17 | Encolar | Villager (Male) |
| 16:17 | Encolar | Villager (Male) |
| 16:18 | Encolar | Villager (Male) |
| 16:47 | Encolar | Villager (Male) |
| 16:47 | Encolar | Villager (Male) |
| 16:56 | Construir | Town Center |
| 17:07 | Construir | Town Center |
| 17:12 | Encolar | Villager (Male) |
| 17:13 | Encolar | Villager (Male) |
| 17:15 | Encolar | Villager (Male) |
| 17:51 | Encolar | Villager (Male) |
| 17:51 | Encolar | Villager (Male) |
| 18:11 | Construir | Farm |
| 18:13 | Construir | Farm |
| 18:16 | Construir | Farm |
| 18:16 | Construir | Farm |
| 18:17 | Construir | Farm |
| 18:30 | Investigar | Heavy Plow |
| 18:31 | Encolar | Villager (Male) |
| 18:32 | Encolar | Villager (Male) |
| 18:45 | Construir | Farm |
| 18:46 | Construir | Farm |
| 18:47 | Construir | Farm |
| 18:50 | Construir | Farm |
| 18:53 | Construir | Farm |
| 19:12 | Encolar | Villager (Male) |
| 19:13 | Encolar | Villager (Male) |
| 19:13 | Encolar | Villager (Male) |
| 19:28 | Encolar | Villager (Male) |
| 19:29 | Encolar | Villager (Male) |
| 19:59 | Construir | Palisade Gate |
| 20:03 | Construir | Stone Wall |
| 20:08 | Construir | House |
| 20:09 | Construir | House |
| 20:12 | Encolar | Villager (Male) |
| 20:13 | Encolar | Villager (Male) |
| 20:13 | Encolar | Villager (Male) |
| 20:15 | Encolar | Villager (Male) |
| 20:15 | Encolar | Villager (Male) |
| 20:16 | Encolar | Villager (Male) |
| 20:30 | Construir | Mill |
| 20:31 | Construir | Farm |
| 20:33 | Construir | Farm |
| 20:34 | Construir | Farm |
| 20:35 | Construir | Farm |
| 20:37 | Construir | Farm |
| 20:38 | Construir | Farm |
| 20:41 | Construir | Farm |
| 20:43 | Construir | Farm |
| 20:50 | Construir | Farm |
| 20:58 | Encolar | Villager (Male) |
| 21:00 | Encolar | Villager (Male) |
| 21:00 | Encolar | Villager (Male) |
| 21:00 | Encolar | Villager (Male) |
| 21:15 | Construir | House |
| 21:18 | Construir | House |
| 21:21 | Construir | House |
| 21:23 | Construir | House |
| 21:27 | Construir | House |
| 21:35 | Investigar | Town Patrol |
| 21:40 | Investigar | Hand Cart |
| 21:42 | Encolar | Villager (Male) |
| 21:42 | Encolar | Villager (Male) |
| 21:52 | Investigar | Tech 455 |
| 22:22 | Encolar | Villager (Male) |
| 22:23 | Encolar | Villager (Male) |
| 22:23 | Encolar | Villager (Male) |
| 22:28 | Encolar | Villager (Male) |
| 22:28 | Encolar | Villager (Male) |
| 22:53 | Construir | Lumber Camp |
| 23:18 | Construir | Castle |
| 23:20 | Construir | Mining Camp |
| 23:28 | Encolar | Villager (Male) |
| 23:29 | Encolar | Villager (Male) |
| 23:39 | Encolar | Villager (Male) |
| 23:39 | Encolar | Villager (Male) |
| 23:40 | Encolar | Villager (Male) |
| 23:41 | Encolar | Villager (Male) |
| 23:42 | Encolar | Villager (Male) |
| 23:42 | Encolar | Villager (Male) |
| 23:42 | Encolar | Villager (Male) |
| 24:20 | Construir | Monastery |
| 24:47 | Encolar | Villager (Male) |
| 24:47 | Encolar | Villager (Male) |
Build order — MrChronos
Primeras 150 de 358 acciones detectadas
| 0:16 | Construir | Lumber Camp |
| 0:25 | Encolar | Villager (Male) |
| 0:26 | Encolar | Villager (Male) |
| 0:29 | Encolar | Villager (Male) |
| 0:33 | Encolar | Villager (Male) |
| 0:33 | Encolar | Villager (Male) |
| 2:04 | Construir | Outpost |
| 2:14 | Construir | House |
| 2:15 | Encolar | Villager (Male) |
| 2:27 | Encolar | Villager (Male) |
| 2:41 | Investigar | Loom |
| 2:59 | Construir | Mill |
| 3:09 | Encolar | Villager (Male) |
| 3:30 | Encolar | Villager (Male) |
| 3:38 | Encolar | Villager (Male) |
| 4:02 | Encolar | Villager (Male) |
| 4:43 | Encolar | Villager (Male) |
| 5:15 | Encolar | Villager (Male) |
| 5:18 | Encolar | Villager (Male) |
| 5:21 | Encolar | Villager (Male) |
| 5:36 | Encolar | Villager (Male) |
| 6:02 | Encolar | Villager (Male) |
| 6:34 | Encolar | Villager (Male) |
| 6:40 | Construir | Mining Camp |
| 6:45 | Encolar | Villager (Male) |
| 6:51 | Construir | Farm |
| 6:55 | Construir | Farm |
| 7:02 | Construir | Farm |
| 7:07 | Investigar | Feudal Age |
| 7:12 | Construir | Farm |
| 7:16 | Construir | Farm |
| 7:22 | Construir | Farm |
| 7:28 | Construir | Farm |
| 7:34 | Construir | Farm |
| 7:39 | Encolar | Villager (Male) |
| 7:41 | Encolar | Villager (Male) |
| 7:42 | Encolar | Villager (Male) |
| 7:57 | Construir | Farm |
| 8:01 | Construir | Farm |
| 8:05 | Construir | Farm |
| 8:11 | Construir | Farm |
| 8:14 | Construir | Farm |
| 8:39 | Encolar | Villager (Male) |
| 9:04 | Encolar | Villager (Male) |
| 9:13 | Edad | Edad Feudal |
| 9:59 | Encolar | Villager (Male) |
| 10:11 | Construir | Stable |
| 10:17 | Construir | Blacksmith |
| 10:19 | Encolar | Villager (Male) |
| 10:19 | Encolar | Villager (Male) |
| 11:38 | Investigar | Castle Age |
| 11:50 | Encolar | Villager (Male) |
| 11:55 | Investigar | Castle Age |
| 12:00 | Investigar | Horse Collar |
| 12:03 | Investigar | Double-Bit Axe |
| 12:22 | Encolar | Villager (Male) |
| 12:59 | Construir | Lumber Camp |
| 13:44 | Investigar | Gold Mining |
| 14:03 | Encolar | Villager (Male) |
| 14:16 | Construir | Mining Camp |
| 14:19 | Encolar | Villager (Male) |
| 14:19 | Encolar | Villager (Male) |
| 14:41 | Edad | Edad de los Castillos |
| 16:14 | Encolar | Villager (Male) |
| 16:15 | Encolar | Villager (Male) |
| 16:15 | Encolar | Villager (Male) |
| 16:16 | Encolar | Villager (Male) |
| 16:29 | Investigar | Gold Shaft Mining |
| 16:33 | Investigar | Stone Mining |
| 16:45 | Construir | Town Center |
| 16:54 | Encolar | Villager (Male) |
| 16:57 | Encolar | Villager (Male) |
| 17:26 | Encolar | Villager (Male) |
| 17:26 | Encolar | Villager (Male) |
| 17:30 | Encolar | Villager (Male) |
| 17:32 | Construir | Farm |
| 17:53 | Construir | Town Center |
| 17:59 | Investigar | Bow Saw |
| 18:11 | Construir | Stone Wall |
| 18:18 | Encolar | Villager (Male) |
| 18:40 | Construir | Stable |
| 18:41 | Construir | Stable |
| 18:43 | Construir | Stable |
| 18:48 | Encolar | Villager (Male) |
| 18:49 | Encolar | Villager (Male) |
| 18:55 | Encolar | Villager (Male) |
| 19:03 | Construir | House |
| 19:04 | Construir | House |
| 19:18 | Encolar | Villager (Male) |
| 19:18 | Encolar | Villager (Male) |
| 19:39 | Construir | House |
| 19:40 | Encolar | Villager (Male) |
| 19:42 | Encolar | Villager (Male) |
| 19:46 | Encolar | Villager (Male) |
| 19:46 | Encolar | Villager (Male) |
| 19:48 | Encolar | Villager (Male) |
| 19:48 | Encolar | Villager (Male) |
| 19:58 | Investigar | Scale Barding Armor |
| 20:01 | Investigar | Bloodlines |
| 20:04 | Investigar | Husbandry |
| 20:07 | Construir | Farm |
| 20:15 | Encolar | Villager (Male) |
| 20:15 | Encolar | Villager (Male) |
| 20:22 | Construir | Farm |
| 20:27 | Construir | Farm |
| 20:47 | Investigar | Stone Shaft Mining |
| 20:51 | Investigar | Forging |
| 20:54 | Encolar | Villager (Male) |
| 20:54 | Encolar | Villager (Male) |
| 21:14 | Encolar | Villager (Male) |
| 21:15 | Encolar | Villager (Male) |
| 21:23 | Construir | Farm |
| 21:24 | Construir | Farm |
| 21:25 | Construir | Farm |
| 21:30 | Construir | Farm |
| 21:30 | Construir | Farm |
| 21:33 | Construir | Farm |
| 21:48 | Construir | Farm |
| 21:52 | Construir | Farm |
| 21:56 | Construir | Farm |
| 22:01 | Construir | Farm |
| 22:14 | Construir | Farm |
| 22:19 | Construir | Farm |
| 22:23 | Construir | Farm |
| 22:28 | Construir | Farm |
| 22:29 | Encolar | Villager (Male) |
| 22:30 | Encolar | Villager (Male) |
| 22:33 | Encolar | Villager (Male) |
| 22:34 | Encolar | Villager (Male) |
| 22:37 | Encolar | Villager (Male) |
| 22:39 | Encolar | Villager (Male) |
| 22:59 | Construir | Town Center |
| 23:05 | Construir | House |
| 23:07 | Construir | House |
| 23:08 | Construir | House |
| 23:09 | Construir | House |
| 23:10 | Construir | House |
| 23:25 | Construir | Blacksmith |
| 23:27 | Encolar | Villager (Male) |
| 23:48 | Encolar | Villager (Male) |
| 23:48 | Encolar | Villager (Male) |
| 23:49 | Encolar | Villager (Male) |
| 23:53 | Construir | Farm |
| 23:54 | Construir | Farm |
| 23:56 | Construir | Farm |
| 24:07 | Construir | Farm |
| 24:11 | Investigar | Wheelbarrow |
| 24:12 | Investigar | Town Watch |
| 24:18 | Construir | Farm |
| 24:21 | Encolar | Villager (Male) |
Build order — Grogon
Primeras 150 de 309 acciones detectadas
| 0:01 | Encolar | Villager (Male) |
| 0:01 | Encolar | Villager (Male) |
| 0:02 | Encolar | Villager (Male) |
| 0:02 | Encolar | Villager (Male) |
| 0:57 | Construir | Lumber Camp |
| 1:06 | Encolar | Villager (Male) |
| 1:33 | Encolar | Villager (Male) |
| 2:03 | Encolar | Villager (Male) |
| 2:19 | Encolar | Villager (Male) |
| 2:47 | Encolar | Villager (Male) |
| 3:10 | Construir | Mill |
| 3:26 | Encolar | Villager (Male) |
| 3:28 | Encolar | Villager (Male) |
| 4:29 | Encolar | Villager (Male) |
| 4:40 | Construir | Farm |
| 4:54 | Encolar | Villager (Male) |
| 5:16 | Encolar | Villager (Male) |
| 5:48 | Encolar | Villager (Male) |
| 6:00 | Investigar | Feudal Age |
| 6:44 | Construir | Mining Camp |
| 7:03 | Encolar | Villager (Male) |
| 7:04 | Encolar | Villager (Male) |
| 7:09 | Construir | Mining Camp |
| 7:23 | Construir | Lumber Camp |
| 7:29 | Encolar | Villager (Male) |
| 7:29 | Encolar | Villager (Male) |
| 7:29 | Encolar | Villager (Male) |
| 8:26 | Edad | Edad Feudal |
| 8:29 | Investigar | Double-Bit Axe |
| 8:33 | Investigar | Horse Collar |
| 8:45 | Encolar | Villager (Male) |
| 9:48 | Construir | Blacksmith |
| 9:57 | Construir | Donjon |
| 10:08 | Encolar | Villager (Male) |
| 10:14 | Construir | Farm |
| 10:38 | Construir | Farm |
| 11:17 | Encolar | Villager (Male) |
| 11:46 | Encolar | Villager (Male) |
| 11:51 | Construir | Farm |
| 12:05 | Construir | Farm |
| 12:31 | Construir | Barracks |
| 12:54 | Encolar | Villager (Male) |
| 12:55 | Encolar | Villager (Male) |
| 13:38 | Construir | Market |
| 13:41 | Encolar | Villager (Male) |
| 13:42 | Encolar | Villager (Male) |
| 13:54 | Construir | Barracks |
| 13:59 | Construir | Barracks |
| 14:02 | Construir | Barracks |
| 14:13 | Construir | Farm |
| 14:20 | Encolar | Villager (Male) |
| 14:39 | Construir | House |
| 14:41 | Construir | House |
| 14:43 | Construir | House |
| 14:45 | Construir | House |
| 14:46 | Construir | House |
| 14:52 | Encolar | Villager (Male) |
| 15:35 | Investigar | Castle Age |
| 15:50 | Investigar | Stone Mining |
| 15:53 | Investigar | Gold Mining |
| 15:59 | Encolar | Serjeant |
| 15:59 | Encolar | Serjeant |
| 16:00 | Encolar | Serjeant |
| 16:00 | Encolar | Serjeant |
| 16:00 | Encolar | Serjeant |
| 16:01 | Encolar | Serjeant |
| 16:02 | Encolar | Serjeant |
| 16:42 | Encolar | Villager (Male) |
| 16:43 | Encolar | Villager (Male) |
| 17:01 | Construir | Farm |
| 17:20 | Encolar | Serjeant |
| 17:21 | Encolar | Serjeant |
| 17:21 | Encolar | Serjeant |
| 17:22 | Encolar | Serjeant |
| 17:22 | Encolar | Serjeant |
| 17:25 | Encolar | Serjeant |
| 17:33 | Construir | House |
| 17:35 | Construir | House |
| 17:37 | Construir | House |
| 17:38 | Construir | House |
| 17:40 | Construir | House |
| 17:41 | Construir | House |
| 17:44 | Construir | House |
| 18:15 | Edad | Edad de los Castillos |
| 18:20 | Encolar | Villager (Male) |
| 18:31 | Construir | Town Center |
| 18:37 | Encolar | Villager (Male) |
| 18:37 | Encolar | Villager (Male) |
| 18:41 | Encolar | Villager (Male) |
| 19:18 | Investigar | Squires |
| 19:21 | Investigar | Arson |
| 19:26 | Encolar | Villager (Male) |
| 19:26 | Encolar | Villager (Male) |
| 19:27 | Encolar | Villager (Male) |
| 19:27 | Encolar | Villager (Male) |
| 19:32 | Construir | Town Center |
| 19:40 | Construir | Town Center |
| 19:41 | Construir | Town Center |
| 20:31 | Construir | Farm |
| 20:34 | Construir | Farm |
| 20:36 | Encolar | Villager (Male) ×5 |
| 20:37 | Encolar | Villager (Male) ×3 |
| 20:37 | Encolar | Villager (Male) ×3 |
| 20:40 | Construir | Farm |
| 20:44 | Construir | Farm |
| 20:47 | Construir | Farm |
| 20:52 | Construir | Farm |
| 21:04 | Construir | Farm |
| 21:20 | Construir | Donjon |
| 22:10 | Construir | Lumber Camp |
| 22:15 | Encolar | Villager (Male) ×5 |
| 22:15 | Encolar | Villager (Male) ×5 |
| 22:38 | Construir | Farm |
| 22:42 | Encolar | Villager (Male) |
| 22:47 | Encolar | Villager (Male) |
| 23:02 | Construir | Donjon |
| 23:09 | Investigar | Forging |
| 23:14 | Construir | Farm |
| 23:17 | Construir | Farm |
| 23:21 | Construir | Farm |
| 23:42 | Encolar | Serjeant |
| 23:43 | Encolar | Serjeant |
| 23:43 | Encolar | Serjeant |
| 23:43 | Encolar | Serjeant |
| 23:43 | Encolar | Serjeant |
| 23:56 | Construir | Farm |
| 24:01 | Encolar | Villager (Male) |
| 24:01 | Encolar | Villager (Male) |
| 24:07 | Construir | Farm |
| 24:10 | Construir | Farm |
| 24:13 | Construir | Farm |
| 24:33 | Construir | Donjon |
| 24:47 | Investigar | Pikeman (upgrade) |
| 25:10 | Investigar | Wheelbarrow |
| 25:11 | Investigar | Town Watch |
| 25:14 | Investigar | Loom |
| 25:17 | Encolar | Villager (Male) ×4 |
| 25:24 | Construir | Town Center |
| 25:45 | Encolar | Spearman |
| 25:45 | Encolar | Spearman |
| 25:46 | Encolar | Spearman |
| 25:46 | Encolar | Spearman |
| 25:46 | Encolar | Spearman |
| 25:46 | Encolar | Spearman |
| 25:47 | Encolar | Spearman |
| 26:02 | Construir | Farm |
| 26:06 | Construir | Farm |
| 26:12 | Construir | Lumber Camp |
| 26:37 | Construir | Donjon |
| 26:43 | Encolar | Serjeant ×5 |
Cronología de la partida
| 6:21 | Tyrion_ · age_up feudal |
| 6:22 | Tyrion_ · first_building Stable |
| 7:22 | Fastfoxy · age_up feudal |
| 8:22 | Goudjou · age_up feudal |
| 8:23 | sam.pidgeon · age_up feudal |
| 8:26 | Grogon · age_up feudal |
| 8:29 | Balduin · age_up feudal |
| 8:53 | DrOhne (Tai) · age_up feudal |
| 9:13 | MrChronos · age_up feudal |
| 9:41 | Fastfoxy · first_market_sell 100 food |
| 9:57 | Grogon · first_building Donjon |
| 10:11 | MrChronos · first_building Stable |
| 10:15 | DrOhne (Tai) · first_market_buy 100 wood |
| 10:28 | DrOhne (Tai) · first_market_sell 100 food |
| 12:20 | Fastfoxy · first_building Stable |
| 12:31 | Grogon · first_building Barracks |
| 12:42 | Fastfoxy · age_up castle |
| 13:26 | DrOhne (Tai) · age_up castle |
| 13:44 | Tyrion_ · age_up castle |
| 13:52 | Tyrion_ · first_building Monastery |
| 14:18 | DrOhne (Tai) · first_building Krepost |
| 14:41 | MrChronos · age_up castle |
| 15:07 | sam.pidgeon · first_building Barracks |
| 15:22 | DrOhne (Tai) · wall_segment Palisade Wall x1 |
| 15:45 | sam.pidgeon · age_up castle |
| 16:42 | Balduin · first_building Stable |
| 17:04 | sam.pidgeon · first_building Siege Workshop |
| 17:21 | DrOhne (Tai) · wall_segment Stone Wall x1 |
| 17:24 | DrOhne (Tai) · wall_segment Stone Wall x1 |
| 17:27 | DrOhne (Tai) · wall_segment Stone Wall x1 |
| 18:08 | Balduin · first_market_buy 500 wood |
| 18:11 | MrChronos · wall_segment Stone Wall x5 |
| 18:15 | Grogon · age_up castle |
| 18:41 | Balduin · age_up castle |
| 18:55 | Goudjou · first_building Barracks |
| 19:35 | Goudjou · first_building Archery Range |
| 20:03 | Fastfoxy · wall_segment Stone Wall x3 |
| 21:23 | Tyrion_ · first_building Castle |
| 23:13 | Tyrion_ · wall_segment Stone Wall x9 |
| 23:18 | Fastfoxy · first_building Castle |
| 23:58 | Tyrion_ · wall_segment Stone Wall x4 |
| 24:20 | Fastfoxy · first_building Monastery |
| 26:42 | MrChronos · first_building Castle |
| 27:38 | Balduin · wall_segment Stone Wall x3 |
| 27:46 | Balduin · wall_segment Stone Wall x1 |
| 28:34 | DrOhne (Tai) · first_building Castle |
| 29:12 | MrChronos · first_building Archery Range |
| 29:29 | DrOhne (Tai) · wall_segment Stone Wall x1 |
| 29:36 | DrOhne (Tai) · wall_segment Stone Wall x1 |
| 29:45 | MrChronos · first_building Monastery |
| 30:00 | Goudjou · age_up castle |
| 30:25 | MrChronos · age_up imperial |
| 30:59 | Fastfoxy · age_up imperial |
| 31:18 | MrChronos · first_building Barracks |
| 31:23 | Grogon · age_up imperial |
| 31:36 | sam.pidgeon · first_building Stable |
| 31:40 | sam.pidgeon · first_building Archery Range |
| 32:02 | DrOhne (Tai) · age_up imperial |
| 32:19 | Fastfoxy · first_building Barracks |
| 32:38 | DrOhne (Tai) · wall_segment Stone Wall x1 |
| 32:39 | DrOhne (Tai) · wall_segment Stone Wall x1 |
| 32:40 | DrOhne (Tai) · wall_segment Stone Wall x1 |
| 32:41 | DrOhne (Tai) · wall_segment Stone Wall x1 |
| 32:52 | Tyrion_ · age_up imperial |
| 32:58 | Balduin · tribute_sent a jugador 1 |
| 32:58 | Balduin · tribute_sent a jugador 2 |
| 32:58 | Balduin · tribute_sent a jugador 4 |
| 32:58 | Balduin · tribute_sent a jugador 5 |
| 32:58 | Balduin · tribute_sent a jugador 6 |
| 32:58 | Balduin · tribute_sent a jugador 7 |
| 32:58 | Balduin · tribute_sent a jugador 8 |
| 33:03 | DrOhne (Tai) · wall_segment Stone Wall x1 |
| 33:12 | sam.pidgeon · first_building Castle |
| 33:44 | DrOhne (Tai) · wall_segment Stone Wall x1 |
| 34:05 | Tyrion_ · first_building Siege Workshop |
| 34:43 | Balduin · first_building Monastery |
| 35:40 | Balduin · first_building Barracks |
| 35:55 | Balduin · first_building Castle |
| 36:28 | Balduin · wall_segment Stone Wall x7 |
| 37:09 | Goudjou · first_building Castle |
| 37:55 | DrOhne (Tai) · wall_segment Palisade Wall x1 |
| 38:00 | DrOhne (Tai) · wall_segment Palisade Wall x1 |
| 38:02 | DrOhne (Tai) · wall_segment Palisade Wall x1 |
| 38:06 | DrOhne (Tai) · wall_segment Palisade Wall x1 |
| 38:44 | DrOhne (Tai) · first_building Barracks |
| 42:47 | sam.pidgeon · age_up imperial |
| 43:03 | Balduin · age_up imperial |
| 43:24 | Fastfoxy · first_building Archery Range |
| 43:52 | DrOhne (Tai) · wall_segment Stone Wall x7 |
| 45:48 | Balduin · first_building Archery Range |
| 48:57 | sam.pidgeon · wall_segment Stone Wall x3 |
| 49:49 | Goudjou · age_up imperial |
| 50:58 | Fastfoxy · resign |
[ ANÁLISIS IA · 1 CRÉDITO ]
¿Qué pasó realmente en esta partida?
Wolo.gg analiza cada decisión: build order, eco, micro, errores típicos por bracket. Análisis personalizado por WhatsApp o Discord en 30 segundos.
Guía civ
Incas
Perfil
Jugador #1986853